Map: Acid Plant LE

Players

Nice - Winner!

  • Race: Protoss Protoss
  • Spawn Location: 11:00

NXZ

  • Race: Zerg Zerg
  • Spawn Location: 5:00

Event: WCS Austin 2018

VOD

Have the link to the VOD?

Description

Time

  • Played on: June 1, 2018, 10:18 p.m.
  • Length: 6:10

All games in this series

Show
View Real Time Build Order
Export as new Build Order

Nice Protoss - Winner!

Build Orders: 1 Gate Expand, Oracle Opening, Phoenix Opening 

Get SALT Encoding   

  12  0:00  Probe  
  13  0:12  Probe  
  14  0:20  Pylon  
  14  0:24  Probe  
  15  0:35  Probe  
  15  0:38  Gateway  
  16  0:43  Probe  
  16  0:49  Assimilator  
  17  0:52  Probe  
  18  1:05  Probe  
  19  1:17  Probe  
  20  1:26  Nexus  
  20  1:35  Cybernetics Core  
  20  1:37  Probe  
  21  1:43  Assimilator  
  21  1:49  Probe  
  21  1:52  Pylon  
  23  2:01  Probe  
  23  2:03  Adept  
  23  2:13  Probe  
  26  2:21  Stargate  
  26  2:25  Probe  
  26  2:29  Adept  
  27  2:35  Probe, Warp Gate  
  29  2:37  Probe  
  29  2:43  Probe  
  31  2:49  Probe  
  33  2:53  Probe  
  33  2:56  Phoenix, Adept  
  36  3:01  Probe  
  36  3:05  Probe  
  40  3:12  Pylon  
  40  3:14  Probe  
  40  3:18  Oracle  
  42  3:24  Gateway  
  42  3:26  Probe  
  43  3:33  Probe  
  46  3:38  Probe  
  47  3:41  Pylon  
  47  3:45  Probe  
  47  3:46  Gateway  
  48  3:50  Probe  
  49  3:57  Probe  
  49  3:58  Twilight Council  
  50  4:06  Probe  
  51  4:10  Oracle  
  51  4:13  Resonating Glaives  
  51  4:21  Probe x2  
  51  4:23  Assimilator  
  52  4:25  Assimilator, Pylon  
  52  4:33  Probe x2  
  54  4:45  Probe x2  
  54  4:48  Adept x3  
  62  4:57  Robotics Facility, Probe  
  62  4:58  Probe  
  64  5:01  Pylon  
  64  5:03  Nexus  
  64  5:10  Probe  
  65  5:14  Adept x2  
  69  5:23  Adept  
  69  5:24  Probe x2  
  69  5:26  Forge  
  73  5:35  Adept x2  
  75  5:36  Probe  
  75  5:38  Shield Battery  
  78  5:44  Pylon  
  78  5:56  Robotics Bay  
Show
View Real Time Build Order
Export as new Build Order

NXZ Zerg 

Build Orders: Hatch First 

Get SALT Encoding   

  12  0:00  Drone  
  13  0:08  Drone  
  14  0:17  Overlord  
  14  0:21  Extractor  
  14  0:23  Drone  
  15  0:35  Drone x2  
  17  0:51  Hatchery  
  17  0:55  Drone  
  17  0:57  Drone  
  18  1:08  Extractor  
  17  1:13  Spawning Pool  
  17  1:15  Drone  
  17  1:19  Drone  
  18  1:26  Drone  
  19  1:37  Overlord  
  19  1:48  Drone  
  20  1:59  Queen  
  20  2:00  Zergling x2  
  23  2:03  Queen  
  23  2:04  Drone  
  23  2:08  Metabolic Boost  
  26  2:09  Drone  
  26  2:14  Drone  
  28  2:20  Drone  
  29  2:25  Drone  
  30  2:31  Zergling x2  
  31  2:38  Hatchery  
  31  2:41  Queen  
  32  2:46  Overlord  
  32  2:49  Zergling x2  
  33  2:51  Drone  
  33  2:53  Drone  
  35  2:59  Drone  
  35  3:04  Overlord  
  36  3:11  Drone  
  36  3:12  Drone  
  38  3:13  Drone x2  
  38  3:19  Drone  
  42  3:20  Drone  
  42  3:29  Overlord x2  
  42  3:32  Queen  
  44  3:38  Lair  
  44  3:47  Drone x8  
  52  3:52  Spore Crawler  
  52  3:54  Spore Crawler  
  52  3:55  Drone  
  51  4:02  Drone x2  
  50  4:15  Drone x4  
  53  4:17  Drone  
  53  4:20  Spore Crawler  
  53  4:23  Drone  
  53  4:25  Drone x2  
  53  4:26  Drone  
  53  4:28  Drone  
  53  4:30  Drone  
  58  4:33  Zergling x2, Extractor  
  58  4:34  Drone  
  58  4:35  Extractor  
  58  4:38  Hydralisk Den  
  58  4:41  Overlord  
  52  4:50  Drone x3  
  52  4:51  Drone x3  
  58  4:53  Drone  
  58  4:54  Drone  
  58  4:57  Drone x2  
  58  4:58  Drone  
  58  4:59  Drone  
  64  5:01  Drone  
  64  5:03  Drone  
  64  5:04  Drone  
  67  5:07  Overlord  
  67  5:11  Drone, Extractor  
  64  5:24  Drone x2, Hydralisk x2  
  70  5:30  Baneling Nest  
  70  5:33  Drone x6  
  70  5:34  Drone  
  70  5:35  Extractor  
  75  5:36  Drone  
  75  5:38  Drone  
  75  5:42  Overlord  
  76  5:56  Hatchery  
Tags
 
Add a new tag
Caveats
  • Supply blocks, unpowered buildings, or Contaminate may cause inaccurate times.
  • Supply counts are checked every 10 seconds.